 Seeded DCSS version 0.31-a0-277-g31ea1f65cc (webtiles) character file.

Game seed: 14215367866634240820 (custom seed)

11107 innerfire43 the Prestidigitator (level 11, -1/78 HPs)
             Began as a Demonspawn Monk on July 14, 2023.
             Was an Elder of Cheibriados.
             Killed from afar by a gargoyle (13 damage)
             ... with a stone arrow
             ... on level 12 of the Dungeon on July 15, 2023.
             The game lasted 00:18:06 (9152 turns).

innerfire43 the Prestidigitator (Demonspawn Monk)   Turns: 9152, Time: 00:18:06

Health: -1/78      AC: 14    Str: 26    XL:     11   Next: 45%
Magic:  14/14      EV: 16    Int: 22    God:    Cheibriados [****..]
Gold:   489        SH: 18    Dex: 28    Spells: 11/14 levels left

rFire   + . .        s - +3 Elemental Staff {rElec rF+ rC+ AC+3}
rCold   + . .        M - +3 buckler
rNeg    . . .        H - +1 robe of Zin's Reproof {SInv Stlth+}
rPois   +            N - +1 hat "Puomyh Dara" {Dex+3}
rElec   +            (no cloak)
rCorr   +            J - +0 pair of gloves
SInv    +            r - +1 pair of boots
Will    .....        w - amulet of magic regeneration
Stlth   +++          v - ring of resist corrosion
HPRegen 0.33/turn    K - ring of poison resistance
MPRegen 0.54/turn

%: no passive effects
@: wereblooded, very slow
A: horns 1, large bone plates 1, demonic guardian 2, icemail 1, condensation
shield
a: Renounce Religion, Bend Time, Temporal Distortion, Slouch


You were on level 12 of the Dungeon.
You worshipped Cheibriados.
Cheibriados was greatly pleased with you.
You visited 2 branches of the dungeon, and saw 13 of its levels.
You also visited: Sewer.

You collected 665 gold pieces.
You spent 176 gold pieces at shops.

Inventory:

Hand Weapons
 a - a +0 hand axe
 m - a +1 war axe
 s - the +3 Elemental Staff (weapon) {rElec rF+ rC+ AC+3}
   (You acquired it on level 4 of the Dungeon)

   It enhances your fire, ice, earth and air magic.
   AC:        It affects your AC (+3).
   rF:        It protects you from fire.
   rC:        It protects you from cold.
   rElec:     It insulates you from electricity.
Missiles
 h - 5 silver javelins (quivered)
Armour
 d - an orb of light
 r - a +1 pair of boots (worn)
 H - the +1 robe of Zin's Reproof (worn) {SInv Stlth+}
   (You bought it in a shop on level 7 of the Dungeon)

   SInv:      It lets you see invisible.
   Stlth:     It makes you more stealthy.
 J - a +0 pair of gloves (worn)
 M - a +3 buckler (worn)
 N - the +1 hat "Puomyh Dara" (worn) {Dex+3}
   (You acquired it on level 11 of the Dungeon)

   Dex:       It affects your dexterity (+3).
Jewellery
 c - a ring of flight
 v - a ring of resist corrosion (left hand)
 w - an amulet of magic regeneration (around neck)
 y - a ring of see invisible
 K - a ring of poison resistance (right hand)
Talismans
 E - a serpent talisman
Wands
 e - a wand of mindburst (19)
 t - a wand of roots (19)
 u - a wand of polymorph (26)
 A - a wand of paralysis (22)
 D - a wand of quicksilver (17)
 L - a wand of flame (35)
Scrolls
 f - 2 scrolls of fog
 i - 9 scrolls of identify
 j - a scroll of revelation {unknown}
 l - 3 scrolls of poison {unknown}
 n - a scroll of enchant weapon
 o - 2 scrolls of torment {unknown}
 p - 3 scrolls of teleportation {unknown}
 q - a scroll of amnesia
 x - 2 scrolls of blinking {unknown}
 z - a scroll of fear {unknown}
 C - 3 scrolls of vulnerability {unknown}
 G - a scroll of summoning {unknown}
Potions
 b - 2 potions of ambrosia
 g - 4 potions of curing
 k - 2 potions of might
 B - a potion of haste
 F - a potion of heal wounds {unknown}
 I - 2 potions of brilliance
 O - a potion of invisibility {unknown}


   Skills:
 * Level 4.3 Fighting
 - Level 4.4 Axes
 + Level 9.3 Staves
 + Level 4.4 Dodging
 + Level 5.6 Shields
 - Level 2.0 Spellcasting
 + Level 3.9 Transmutations
 - Level 4.1 Earth Magic
 + Level 10.1 Evocations


You had 11 spell levels left.
You knew the following spells:

 Your Spells              Type           Power      Damage    Failure   Level
a - Sandblast             Erth           60%        2d14      3%          1
b - Wereblood             Tmut           19%        N/A       4%          2

Your spell library contained the following spells:

 Spells                   Type           Power      Damage    Failure   Level
 Passwall                 Tmut/Erth      25%        N/A       4%          2
 Apportation              Tloc           4%         N/A       16%         1
 Necrotise                Necr           8%         1d4       16%         1
 Summon Small Mammal      Summ           8%         N/A       16%         1
 Stone Arrow              Conj/Erth      34%        3d9       21%         3
 Sublimation of Blood     Necr           2%         N/A       24%         2
 Petrify                  Tmut/Erth      30%        N/A       30%         4
 Gell's Gravitas          Tloc           2%         N/A       43%         3
 Teleport Other           Tloc           2%         N/A       43%         3
 Irradiate                Conj/Tmut      5%         3d13      89%         5
 Fireball                 Conj/Fire      1%         3d3       99%         5
 Iskenderun's Battlesphe  Conj           2%         2d6       99%         5
 Conjure Ball Lightning   Conj/Air       1%         3x3d6     100%        6
 Dispersal                Tloc           1%         N/A       100%        6
 Orb of Destruction       Conj           1%         9d5       100%        7
 Summon Hydra             Summ           1%         N/A       100%        7


Dungeon Overview and Level Annotations

Branches:
Dungeon (12/15)            Temple (1/1) D:7            Lair (0/5) D:9
    Orc (0/2) D:9           Sewer (visited)

Altars:
Cheibriados
Fedhas
Gozag
Kikubaaqudgha
Nemelex Xobeh
Qazlal
Ru
Sif Muna
Uskayaw
Yredelemnul

Shops:
D:4 [   D:5 *   D:7 *   D:9 !

Annotations:
D:12 Kirke


Innate Abilities, Weirdness & Mutations

You have a pair of small horns on your head.
You are partially covered in large bone plates. (SH +4)
A demonic guardian rushes to your aid.
A meltable icy envelope protects you from harm. (AC +4)
A meltable shield of frost defends you. (SH +4)


Message History

Kirke hits you but does no damage. The hog barely misses you.
The hog closely misses you.
You thump the hog! You burn the hog! Your headbutt misses the hog.
The hog is severely wounded.
You block the hog's attack. You block Kirke's attack.
You block the gargoyle's attack. The gnoll hits you but does no damage.
The gnoll sergeant hits you from afar with a +0 spear.
The hog barely misses you. The hog closely misses you. The hog bites you!
* * * LOW HITPOINT WARNING * * *
You barely miss the hog. You headbutt the hog!
The hog is almost dead.
Your soul eater hits the gnoll sergeant but does no damage.
Kirke hits you but does no damage.
The gnoll sergeant hits your soul eater with a +0 spear!
You block the gargoyle's attack. The gnoll misses you.
Unknown command.
You hit the hog.
You feel a bit better.
You kill the hog!
Cheibriados thoroughly appreciates the change of pace.
You block the hog's attack. The hog bites you but does no damage.
Your soul eater hits the gnoll sergeant!
You block the hog's attack. The gargoyle attacks as you move away!
The gargoyle barely misses you.
You howl as the wereblood boils in your veins!
You block the hog's attack.
The gnoll sergeant closely misses your soul eater.
You block the hog's attack. The hog bites you but does no damage.
Your soul eater hits the gnoll sergeant but does no damage.
Kirke hits you!
* * * LOW HITPOINT WARNING * * *
You block the gargoyle's attack. The hog closely misses you. x2
Your soul eater hits the gnoll sergeant!!
The gnoll sergeant dies!
Cheibriados appreciates the change of pace.
There is a stone staircase leading up, spattered with blood here.
You see here a hog corpse.
Kirke hits you but does no damage. You block the gnoll's attack.
The gargoyle hurls a stone arrow at you.
The stone arrow hits you!
You die...

############
#...39.....#
#...g@@....#
#....hhg...#
#.....)......#
#.#..........#
# #..........#
#..........#
#..........#
#..........#
#..........#


You could see Kirke, 2 hogs, a gargoyle, 2 gnolls and a friendly soul eater
(summoned).

Vanquished Creatures
  2 two-headed ogres (D:11)
  Pikel (D:7)
  2 cyclopes (D:11)
  Maggie (D:7)
  An unseen horror (D:11)
  A kobold demonologist (D:11)
  A troll (D:9)
  2 hornets
  2 wyverns
  5 yaks
  A hog (D:12)
  2 steam dragons
  A vampire mosquito (D:11)
  2 water moccasins
  Duvessa (D:7)
  3 orc warriors
  2 ice beasts
  2 sky beasts
  3 black bears
  3 centaurs
  A lemure (D:7)
  3 kobold brigands
  A phantom (D:5)
  A bullfrog (D:9)
  3 scorpions
  2 gnoll sergeants
  5 wights (D:7)
  Dowan (D:7)
  9 killer bees
  A howler monkey (D:9)
  5 hounds
  4 orc priests
  3 iguanas
  Terence (D:3)
  3 orc wizards
  13 gnolls
  4 adders
  2 white imps
  A worm (D:3)
  2 dart slugs
  22 orcs
  7 ball pythons
  10 endoplasms
  8 giant cockroaches
  9 goblins
  6 hobgoblins
  5 jackals (D:1)
  15 kobolds
  9 quokkas
  5 bats
  6 frilled lizards
  4 rats
209 creatures vanquished.

Vanquished Creatures (collateral kills)
  A two-headed ogre (D:10)
  A shadow (D:10)
  7 yaks
  A vampire mosquito (D:11)
  Pargi (Sewer)
  A gnoll sergeant (D:12)
  3 wights (D:7)
  Ijyb (D:4)
  A worm (D:2)
  3 orcs (D:8)
  A jackal (D:1)
  2 kobolds (D:4)
  A quokka (D:1)
  3 ball pythons
27 creatures vanquished.

Vanquished Creatures (others)
  An orc wizard (D:8)
1 creature vanquished.

Grand Total: 237 creatures vanquished

Notes
Turn   | Place    | Note
-------+----------+-------------------------------------------
     0 | D:1      | innerfire43 the Demonspawn Monk began the quest for the
                  | Orb.
     0 | D:1      | Reached XP level 1. HP: 18/18 MP: 1/1
    51 | D:1      | Gained mutation: A weak demonic guardian rushes to your
                  | aid. [demonic ancestry]
    51 | D:1      | Reached XP level 2. HP: 12/24 MP: 2/2
    59 | D:1      | HP: 1/24 [jackal (2)]
   533 | D:1      | Upgraded the game from 0.31-a0-271-gb88eb75e06 to
                  | 0.31-a0-277-g31ea1f65cc
   626 | D:1      | Reached XP level 3. HP: 26/29 MP: 3/3
  1420 | D:2      | Gained mutation: A demonic guardian rushes to your aid.
                  | [demonic ancestry]
  1420 | D:2      | Reached XP level 4. HP: 31/37 MP: 4/4
  1802 | D:3      | Reached XP level 5. HP: 22/42 MP: 5/5
  2044 | D:3      | Noticed Terence
  2049 | D:3      | Killed Terence
  2561 | D:4      | Found Junwutirr's Armour Shoppe.
  2634 | D:4      | Noticed Ijyb
  2660 | D:4      | Killed Ijyb
  2667 | D:4      | Identified a scroll of acquirement
  2667 | D:4      | Acquired the +3 Elemental Staff {rElec rF+ rC+ AC+3}
  2667 | D:4      | Found the +3 Elemental Staff {rElec rF+ rC+ AC+3}
  2898 | D:4      | Noticed a black bear
  2911 | D:4      | Killed a black bear
  2912 | D:4      | Reached skill level 1 in Staves
  2912 | D:4      | Reached skill level 1 in Evocations
  2912 | D:4      | Reached XP level 6. HP: 34/48 MP: 6/6
  3017 | D:4      | Found a glowing drain.
  3046 | Sewer    | Entered a sewer
  3085 | Sewer    | Noticed Pargi
  3088 | Sewer    | Killed Pargi
  3089 | Sewer    | Reached skill level 2 in Evocations
  3347 | D:4      | Gained mutation: A meltable shield of frost defends you.
                  | (SH +4) [demonic ancestry]
  3347 | D:4      | Reached XP level 7. HP: 49/54 MP: 7/7
  3649 | D:5      | Entered Level 5 of the Dungeon
  3704 | D:5      | Learned a level 1 spell: Sandblast
  3732 | D:5      | Reached skill level 3 in Evocations
  3903 | D:5      | Reached skill level 1 in Spellcasting
  4001 | D:5      | Reached skill level 1 in Earth Magic
  4124 | D:5      | Reached skill level 4 in Evocations
  4213 | D:5      | Gained mutation: You are partially covered in large bone
                  | plates. (SH +4) [demonic ancestry]
  4213 | D:5      | Reached XP level 8. HP: 60/60 MP: 10/10
  4348 | D:5      | Found Ucuimn's Serpentskin Sales.
  4640 | D:6      | Identified the +1 long sword "Demon's Foe" {pain, *Slow
                  | rPois Str-4 Int+5}
  4942 | D:7      | Found Jeemya's Assorted Antiques.
  4951 | D:7      | Bought a wizard robe for 176 gold pieces
  4951 | D:7      | Identified the +1 robe of Zin's Reproof {SInv Stlth+} (You
                  | bought it in a shop on level 7 of the Dungeon)
  4977 | D:7      | Reached skill level 5 in Evocations
  5009 | D:7      | Noticed Maggie
  5021 | D:7      | Killed Maggie
  5022 | D:7      | Reached skill level 5 in Staves
  5124 | D:7      | Reached skill level 6 in Evocations
  5134 | D:7      | Gained mutation: You have a pair of small horns on your
                  | head. [demonic ancestry]
  5134 | D:7      | Reached XP level 9. HP: 36/65 MP: 12/12
  5429 | D:7      | Reached skill level 7 in Evocations
  5438 | D:7      | HP: 2/65 [yak (6)]
  5695 | D:7      | Found a staircase to the Ecumenical Temple.
  5701 | D:7      | Noticed Dowan
  5702 | D:7      | Noticed Duvessa
  5708 | D:7      | Killed Duvessa
  5718 | D:7      | Killed Dowan
  5742 | Temple   | Entered the Ecumenical Temple
  5766 | Temple   | Became a worshipper of Cheibriados the Contemplative
  5766 | Temple   | Reached * piety under Cheibriados
  5766 | Temple   | Reached ** piety under Cheibriados
  5792 | D:7      | Noticed Pikel
  5804 | D:7      | Killed Pikel
  5805 | D:7      | Reached skill level 8 in Evocations
  5983 | D:8      | Gained mutation: A meltable icy envelope protects you from
                  | harm. (AC +4) [demonic ancestry]
  5983 | D:8      | Reached XP level 10. HP: 62/72 MP: 13/13
  6699 | D:9      | Found a sacrificial altar of Ru.
  6702 | D:9      | Found an ancient bone altar of Kikubaaqudgha.
  6702 | D:9      | Found a hide-covered altar of Uskayaw.
  6703 | D:9      | Found a sparkling altar of Nemelex Xobeh.
  6703 | D:9      | Found a basalt altar of Yredelemnul.
  6709 | D:9      | Reached *** piety under Cheibriados
  6727 | D:9      | Reached skill level 1 in Shields
  6782 | D:9      | Found a staircase to the Lair.
  7067 | D:9      | Reached skill level 9 in Evocations
  7083 | D:9      | Found Luocluk's Distillery.
  7437 | D:9      | Found a staircase to the Orcish Mines.
  7506 | D:10     | Entered Level 10 of the Dungeon
  7649 | D:10     | Identified the +1 rapier of Havoc {holy, rPois rF- Dex+6
                  | Stlth+}
  7658 | D:10     | Noticed a two-headed ogre
  7666 | D:10     | Killed a two-headed ogre
  7691 | D:10     | Reached **** piety under Cheibriados
  8204 | D:10     | Learned a level 2 spell: Wereblood
  8233 | D:11     | Noticed a two-headed ogre
  8241 | D:11     | Noticed a two-headed ogre
  8247 | D:11     | Killed a two-headed ogre
  8248 | D:11     | Reached skill level 5 in Shields
  8248 | D:11     | Reached skill level 1 in Transmutations
  8248 | D:11     | Reached XP level 11. HP: 58/77 MP: 14/14
  8317 | D:11     | Killed a two-headed ogre
  8704 | D:11     | Reached skill level 10 in Evocations
  9129 | D:11     | Acquired the +1 hat "Puomyh Dara" {Dex+3}
  9137 | D:12     | Noticed Kirke
  9152 | D:12     | Killed from afar by a gargoyle

Illustrated notes

Levels and vault maps discovered:
D:1:      dpeg_arrival_castle, layout_basic, serial_forest,
          infiniplex_forest_straight_2, infiniplex_forest_straight_3,
          infiniplex_forest_clump_double, infiniplex_forest_lined_1,
          infiniplex_forest_clump_small, infiniplex_forest_straight_2,
          infiniplex_forest_lined_3_way
D:2:      layout_rooms
D:3:      layout_basic, general_overflow_altar, uniq_terence
D:4:      minmay_chambers_of_fours, layout_loops_ring, gup_sewer_entry_pipe,
          serial_shops, shop, uniq_ijyb
D:5:      layout_basic, guppyfry_shop_venom
D:6:      layout_rooms
D:7:      layout_rooms, minmay_temple_entry_hall, serial_shops,
          nicolae_shop_overgrown_old_shop, uniq_pikel, uniq_maggie, uniq_duvessa
D:8:      layout_cave_pools
D:9:      layout_basic, grunt_temple_overflow_open, lair_entry_dummy,
          serial_shops, shop
D:10:     layout_rooms
D:11:     layout_rooms, hangedman_abyss_or_decor_slice
D:12:     layout_rooms, nicolae_twisting_strands, uniq_kirke, uniq_jorgrun,
          uniq_gastronok
Temple:   nicolae_temple_elliptical

Skill      XL: |  1  2  3  4  5  6  7  8  9 10 11 |
---------------+----------------------------------+-----
Dodging        | 3 4 |  4.4
Axes           | 3 4 |  4.4
Fighting       | 4 |  4.3
Staves         | 1 2 3 5 7 8 9 |  9.3
Evocations     | 1 2 4 6 8 9 10 | 10.1
Spellcasting   | 1 2 |  2.0
Earth Magic    | 1 2 4 |  4.1
Shields        | 5 |  5.6
Transmutations | 1 3 |  3.9

Action                     |  1- 3 |  4- 6 |  7- 9 | 10-12 || total
---------------------------+-------+-------+-------+-------++-------
  Melee: Hand axe          |   132 |    17 |       |       ||   149
         War axe           |       |    54 |       |       ||    54
         Staff             |       |    55 |   190 |   232 ||   477
         Unarmed           |       |       |    16 |       ||    16
         Headbutt          |       |       |    18 |    54 ||    72
  Throw: Javelin           |     3 |     1 |       |       ||     4
   Cast: Sandblast         |       |       |     2 |       ||     2
         Wereblood         |       |       |       |     3 ||     3
    Use: Scroll            |       |     6 |       |     4 ||    10
         Potion            |       |     1 |     9 |     1 ||    11
   Stab: Sleeping          |       |     1 |       |     3 ||     4
 Armour: Robe              |    25 |    44 |    59 |    64 ||   192
         Skin              |       |       |     5 |       ||     5
  Dodge: Dodged            |   117 |   103 |   115 |   123 ||   458
  Block: Orb               |       |       |    44 |    21 ||    65
         Other             |       |       |     3 |       ||     3
         Buckler           |       |       |       |   220 ||   220

Table legend: (Time is in decaauts)
 A = Elapsed time spent in this place.
 B = Non-inter-level travel time spent in this place.
 C = Inter-level travel time spent in this place.
 D = Time resting spent in this place.
 E = Time spent auto-exploring this place.
 F = Levels seen in this place.
 G = Mean time per level.
                   A        B        C        D        E       F      G
               +--------+--------+--------+--------+--------+-----+--------+
         Total |  10506 |   9914 |    592 |      0 |   8158 |  14 |  750.4 |
       Dungeon |  10279 |   9741 |    538 |      0 |   8025 |  12 |  856.6 |
        Temple |     56 |      3 |     53 |      0 |      0 |   1 |   56.0 |
         Sewer |    170 |    170 |      0 |      0 |    133 |   1 |  170.0 |
               +--------+--------+--------+--------+--------+-----+--------+

Top non-repeatable levels by time:
    D:11: 1247 daAuts
     D:9: 1196 daAuts
     D:1: 1132 daAuts
    D:10: 1021 daAuts
     D:7: 1019 daAuts
     D:4: 978 daAuts
     D:8: 948 daAuts
     D:3: 858 daAuts
     D:5: 752 daAuts
     D:2: 565 daAuts
     D:6: 542 daAuts
   Sewer: 170 daAuts
  Temple: 56 daAuts
    D:12: 16 daAuts
